 Dungeon Crawl Stone Soup version 0.20.1-1-g8b1a95d (webtiles) character file.

75606 Minstaer the Severer (level 15, -6/147 HPs)
             Began as a Hill Orc Monk on Nov 2, 2017.
             Was the Champion of Beogh.
             Mangled by Minstaer's illusion (34 damage)
             ... woven by Mara
             ... on level 3 of the Spider Nest on Nov 3, 2017.
             The game lasted 05:17:30 (23805 turns).

Minstaer the Severer (Hill Orc Monk)               Turns: 23805, Time: 05:17:31

Health: -6/147     AC: 21    Str: 22    XL:     15   Next: 50%
Magic:  22/22      EV:  8    Int: 12    God:    Beogh [******]
Gold:   1051       SH:  0    Dex: 17    Spells: 1/14 levels left

rFire    . . .     SeeInvis .   v - +3 battleaxe of Duty {elec, rC+}
rCold    + . .     Gourm    .   (shield currently unavailable)
rNeg     . . .     Faith    .   w - +1 plate armour {rPois}
rPois    +         Spirit   .   (helmet restricted)
rElec    .         Reflect  .   u - +2 cloak {+Inv}
rCorr    .         Harm     .   t - +0 pair of gloves
MR       +....                  (no boots)
Stlth    ..........             (no amulet)
Regen    0.4/turn               y - +2 ring of slaying
MPRegen  0.2/turn               S - +5 ring of strength

@: no status effects
A: walk on water, beak, horns 1, clever 1
a: Smiting, Recall Orcish Followers, Give Item to Named Follower, Resurrection,
Renounce Religion, Evoke Invisibility


You were on level 3 of the Spider Nest.
You worshipped Beogh.
Beogh was exalted by your worship.
You were not hungry.

You visited 3 branches of the dungeon, and saw 21 of its levels.
You also visited: Labyrinth, Ossuary and Bailey.

You collected 1801 gold pieces.
You spent 750 gold pieces at shops.

Inventory:

Hand Weapons
 v - the +3 battleaxe of Duty (weapon) {elec, rC+}
   (You bought it in a shop on level 8 of the Dungeon)

   Occasionally, upon striking a foe, it will discharge some electrical energy
   and cause terrible harm.
   It protects you from cold.
Armour
 t - a +0 pair of gloves (worn)
 u - a +2 cloak of invisibility (worn)
 w - a +1 plate armour of poison resistance (worn)
Jewellery
 j - an uncursed ring of protection from magic
 y - a +2 ring of slaying (left hand)
 P - a cursed ring of teleportation {unknown}
 S - a +5 ring of strength (right hand)
 Y - a +5 ring of evasion
Wands
 d - a wand of paralysis (17/24)
 h - a wand of polymorph (3/24)
 o - a wand of disintegration (9/24)
 q - a wand of flame (12/48)
 G - a wand of lightning (3/15)
 I - a wand of digging (10/24)
 K - a wand of confusion (15/48)
 L - a wand of enslavement (18/24)
 O - a wand of acid (4/15)
Scrolls
 a - a scroll of amnesia
 e - 3 scrolls of magic mapping
 f - 2 scrolls of blinking
 k - 4 scrolls of immolation
 p - 2 scrolls of fog
 s - a scroll of vulnerability
 B - 7 scrolls of teleportation
 E - a scroll of fear
 H - 6 scrolls of remove curse
 J - a scroll of silence {unknown}
 Q - 4 scrolls of enchant armour
 U - 3 scrolls of enchant weapon
 X - 2 scrolls of recharging {unknown}
Potions
 b - 3 potions of brilliance
 g - 2 potions of ambrosia
 i - a potion of invisibility
 m - 5 potions of haste
 n - 5 potions of heal wounds
 x - a potion of berserk rage
 A - 9 potions of curing
 D - 2 potions of cancellation
 N - 4 potions of lignification
 R - a potion of might
 T - 2 potions of flight
Books
 z - a book of Battle

   Spells                             Type                      Level
   a - Infusion                       Charms                       1
   b - Shroud of Golubria             Charms/Translocation         2
   c - Song of Slaying                Charms                       2
   d - Spectral Weapon                Hexes/Charms                 3
   e - Regeneration                   Charms/Necromancy            3
Miscellaneous
 l - a sack of spiders
 M - a fan of gales
Comestibles
 c - 21 bread rations
 r - a chunk of flesh
 C - 6 royal jellies
 F - 11 fruits
 W - 4 meat rations


   Skills:
 - Level 17.0 Fighting
 - Level 20.0 Axes
   Level 2.7(12.0) Maces & Flails
 + Level 11.0 Armour
 - Level 2.4 Dodging
 - Level 1.5 Stealth
   Level 4.1 Shields
 + Level 8.0 Invocations
 + Level 9.6 Evocations


You had one spell level left.
You knew the following spells:

 Your Spells              Type           Power        Failure   Level  Hunger
a - Flame Tongue          Conj/Fire      #....        99%         1    ##.....
b - Conjure Flame         Conj/Fire      #.......     100%        3    ####...
c - Sticky Flame          Conj/Fire      #.......     100%        4    #####..
d - Fireball              Conj/Fire      #.........   100%        5    ######.


Dungeon Overview and Level Annotations

Branches:
Dungeon (12/15)            Temple (0/1) D:6            Lair (6/6) D:9
  Swamp (0/4) Lair:3       Spider (3/4) Lair:4        Slime (0/5) Lair:6
    Orc (0/2) D:12

Altars:
Ru

Shops:
D:7 [   D:8 (

Annotations:
D:5 1 transporter
D:9 ThrowingStuff+rC chaos rM books
D:11 wands gloves book rPois hauberk cudiont gard snakebite
Spider:3 Mara


Innate Abilities, Weirdness & Mutations

You can walk on water.
You have a beak for a mouth.
You have a pair of small horns on your head.
Your mind is acute. (Int +2)


Message History

Minstaer's illusion hits you but does no damage.
Gorm hits Mara with a +1 falchion.
Morbeogh barely misses Mara.
Mara hits you with a demon blade of flaming.
Mara burns you.
You closely miss Mara.
Mara is almost dead.
You hit Minstaer's illusion.
Lightning courses through Minstaer's illusion!
Minstaer's illusion hits you!
* * * LOW HITPOINT WARNING * * *
Your sixfirhy hits Minstaer's illusion but does no damage. x2
The jumping spider leaps!
Gorm barely misses Mara.
Mara gestures at you. The bolt of fire hits you!
* * * LOW HITPOINT WARNING * * *
Morbeogh closely misses Mara.
Gorg hits Mara with an enchanted dire flail!
Minstaer's illusion hits you!!
You die...
Beogh appreciates Minstaer's illusion's killing of a heretic priest. .#.##..# ooooo..##

ooo.....#### ####
...o...o^..## ### ...#.
#..#o.......###^## ......
###....o#^...##..###...#..
#...........)#..?......^<.
##^........#....o@o3...s..
##..#.#.....#..@.R^......
#####..........o........
............ยง...^...#
#..#.^.......#.##....^
#.##.#.#.#........^..# ##
#...#####^#... .... .#
##.# #..>.^#.... .####
##...#. .##.###


You could see Mara, a jumping spider, Minstaer's illusion, the friendly Morbeogh
the orc warlord, the friendly Gorg the orc knight, a friendly sixfirhy and the
friendly Gorm the orc sorcerer.

Vanquished Creatures
  2 emperor scorpions (Spider:2)
  A minotaur (Lab)
  A fire dragon (Lair:5)
  An ice dragon (Lair:6)
  2 hydras
  A catoblepas (Lair:4)
  3 two-headed ogres
  6 death yaks
  An unseen horror (D:11)
  4 orb spiders
  2 ugly things (D:12)
  2 cyclopes (D:11)
  A manticore (Lair:6)
  7 wolf spiders
  An elephant (Lair:6)
  8 black mambas
  5 spiny frogs
  A torpor snail (Spider:2)
  9 rime drakes
  3 komodo dragons
  6 demonic crawlers
  6 jumping spiders
  A polar bear (Lair:5)
  3 hornets (Spider:2)
  10 blink frogs
  2 dream sheep (Lair:6)
  4 hippogriffs
  39 redbacks
  5 tarantellas
  2 wyverns (Lair:6)
  30 yaks
  6 steam dragons (Lair:5)
  2 vampire mosquitoes (D:12)
  9 water moccasins
  7 porcupines
  An ice beast (D:10)
  A sky beast (D:5)
  An orc warrior (Bailey)
  3 ogres
  4 wolves (Lair:6)
  A necrophage (D:10)
  9 crocodiles
  3 big kobolds
  A wyvern zombie (Ossuary)
  9 bullfrogs
  2 water moccasin zombies (Ossuary)
  A gnoll sergeant (D:4)
  A wyvern skeleton (D:7)
  7 scorpions
  A killer bee (D:9)
  4 wights (D:12)
  4 electric eels
  3 howler monkeys (D:10)
  2 crimson imps
  2 bullfrog zombies (Ossuary)
  5 centaur zombies
  6 jellies
  2 lava snakes (D:10)
  A human zombie (D:7)
  2 orc priests (D:7)
  Crazy Yiuf (D:3)
  3 hounds
  A centaur skeleton (D:7)
  2 gnoll shamans (D:4)
  8 mummies (Ossuary)
  An iguana (D:12)
  Terence (D:3)
  4 worker ants
  The ghost of letownia2 the Grave Robber, a weakling DDNe (D:4)
  A hound zombie (Ossuary)
  3 hound skeletons
  2 worker ant zombies (Ossuary)
  43 gnolls
  11 adders
  4 shadow imps
  3 white imps (Lair:6)
  5 oozes (Lair:6)
  2 adder zombies (Ossuary)
  4 worms
  4 dart slugs
  4 leopard geckos
  5 orcs
  3 ball pythons
  6 bats
  9 giant cockroaches
  8 goblins
  10 hobgoblins
  32 jackals
  4 quokkas
  9 frilled lizards
  A giant cockroach zombie (Ossuary)
  2 jackal zombies
  11 kobolds
  2 leopard gecko zombies
  3 quokka zombies
  7 rats
  2 fungi (Lair:6)
  4 plants
  A withered plant (Ossuary)
496 creatures vanquished.

Vanquished Creatures (collateral kills)
  The ghost of Destroyer2 the Bludgeoner, a journeyman MiBe of Trog (Lair:6)
  An entropy weaver (Spider:2)
  A dire elephant (Lair:6)
  3 catoblepae
  5 hydras
  2 two-headed ogres (D:9)
  2 death yaks
  The ghost of yogakurto the Skirmisher, a novice HOWn of Jiyva (Bailey)
  A deep elf mage (D:10)
  An orc knight (Bailey)
  An ugly thing (D:12)
  4 wolf spiders
  2 orb spiders (Spider:2)
  A manticore (Lair:6)
  An elephant (Lair:6)
  Joseph (D:8)
  5 spiny frogs
  A black mamba (Lair:3)
  2 rime drakes (Lair:5)
  3 komodo dragons
  2 demonic crawlers (Spider:2)
  A troll (D:10)
  A merfolk (D:10)
  2 jumping spiders
  2 hornets (Spider:2)
  3 hippogriffs
  15 blink frogs
  A meliai zombie (D:12)
  19 redbacks
  5 tarantellas
  23 yaks
  5 basilisks
  A hungry ghost (D:10)
  5 steam dragons (Lair:5)
  2 vampire mosquitoes (D:12)
  A soldier ant (D:12)
  7 water moccasins
  A porcupine (Lair:2)
  A hornet zombie (Ossuary)
  3 orc warriors
  2 ice beasts
  A phantom (D:6)
  2 sky beasts
  4 ogres
  A necrophage (D:10)
  A wolf (Lair:6)
  4 centaurs
  5 crocodiles
  A big kobold (D:7)
  10 bullfrogs
  A water moccasin zombie (Ossuary)
  3 scorpions
  A wyvern skeleton (D:9)
  3 killer bees (D:9)
  A wight (D:12)
  A howler monkey (D:9)
  An electric eel (Lair:3)
  A crimson imp (D:10)
  3 bullfrog zombies
  A lava snake (D:10)
  2 jellies
  A quasit (D:10)
  7 hounds
  2 centaur zombies (Ossuary)
  A gnoll shaman (D:4)
  An orc priest (D:10)
  3 iguanas
  4 orc wizards
  2 worker ants
  A hound zombie (Ossuary)
  4 mummies (Ossuary)
  A howler monkey zombie (Ossuary)
  12 gnolls
  6 adders
  A leopard gecko (D:7)
  4 orcs
  A goblin (D:10)
  A jackal (D:6)
  10 kobolds
  A bush (Lair:6)
  2 fungi
  4 plants
257 creatures vanquished.

Vanquished Creatures (others)
  3 orc knights
  8 orc warriors
  A rime drake (Lair:5)
  2 orc wizards
  6 orc priests
  26 orcs
  5 fungi
  2 plants (Lair:4)
  A withered plant (Ossuary)
54 creatures vanquished.

Grand Total: 807 creatures vanquished

Notes
Turn   | Place    | Note
-------+----------+-------------------------------------------
     0 | D:1      | Minstaer the Hill Orc Monk began the quest for the Orb.
     0 | D:1      | Reached XP level 1. HP: 19/19 MP: 1/1
   274 | D:1      | Reached XP level 2. HP: 23/27 MP: 2/2
   565 | D:1      | Reached XP level 3. HP: 34/34 MP: 3/3
  1369 | D:2      | Found a sacrificial altar of Ru.
  1510 | D:1      | Reached skill level 5 in Fighting
  1510 | D:1      | Reached skill level 5 in Axes
  1510 | D:1      | Reached XP level 4. HP: 25/42 MP: 4/4
  2350 | D:3      | Found a runed door.
  2471 | D:3      | Became a worshipper of Beogh the Brigand
  2471 | D:3      | Reached * piety under Beogh
  2471 | D:3      | Reached ** piety under Beogh
  2760 | D:3      | Noticed Terence
  2770 | D:3      | Killed Terence
  2770 | D:3      | Reached XP level 5. HP: 44/50 MP: 5/5
  3035 | D:3      | Noticed Crazy Yiuf
  3413 | D:3      | Killed Crazy Yiuf
  3539 | D:3      | Reached skill level 6 in Axes
  3672 | D:4      | Reached XP level 6. HP: 52/57 MP: 6/6
  4115 | D:4      | Reached *** piety under Beogh
  4129 | D:4      | Reached skill level 7 in Axes
  4132 | D:4      | Reached XP level 7. HP: 47/66 MP: 7/7
  4181 | D:4      | Reached skill level 8 in Axes
  4788 | D:4      | Reached **** piety under Beogh
  5425 | D:4      | Noticed letownia2's ghost (weakling DDNe)
  5437 | D:4      | Killed letownia2's ghost
  5453 | D:4      | Reached XP level 8. HP: 58/75 MP: 4/8
  5656 | D:4      | Gained Worak as an ally
  5914 | D:4      | Reached skill level 9 in Axes
  6063 | D:5      | Entered Level 5 of the Dungeon
  6063 | D:5      | Found a transporter.
  6078 | D:5      | Found a transporter.
  6778 | D:5      | Your ally Worak died
  6784 | D:5      | Reached skill level 10 in Axes
  7329 | D:6      | Gained mutation: You are agile. (Dex +2) [mutagenic meat]
  7330 | D:6      | Gained mutation: Your body sometimes deteriorates upon taking damage. [mutagenic meat]
  7331 | D:6      | Lost mutation: You are agile. (Dex +2) [potion of mutation]
  7331 | D:6      | Lost mutation: Your body sometimes deteriorates upon taking damage. [potion of mutation]
  7331 | D:6      | Gained mutation: You are surrounded by a mild repulsion field. (EV +2) [potion of mutation]
  7331 | D:6      | Gained mutation: Potions are less effective at restoring your health. [potion of mutation]
  7331 | D:6      | Gained mutation: You are partially covered in molten scales. (AC +2) [potion of mutation]
  7332 | D:6      | Gained mutation: You are weak. (Str -2) [mutagenic meat]
  7333 | D:6      | Gained mutation: You are partially covered in rugged brown scales. (AC +1, +3% HP) [mutagenic meat]
  7334 | D:6      | Lost mutation: You are weak. (Str -2) [mutagenic meat]
  7342 | D:6      | Reached skill level 10 in Fighting
  7401 | D:6      | Found a staircase to the Ecumenical Temple.
  7685 | D:7      | Found a sand-covered staircase.
  7701 | D:7      | Gained Geork as an ally
  7712 | D:7      | Reached skill level 1 in Shields
  7712 | D:7      | Reached XP level 9. HP: 75/87 MP: 9/9
  7720 | Ossuary  | Entered an ossuary
  7782 | Ossuary  | Reached skill level 11 in Axes
  7797 | Ossuary  | Reached ***** piety under Beogh
  8114 | Ossuary  | Reached skill level 12 in Axes
  8479 | D:7      | Gained Bogbarth as an ally
  9226 | D:7      | Found Niuphad's Armour Boutique.
  9235 | D:7      | Reached skill level 1 in Invocations
  9235 | D:7      | Reached skill level 1 in Evocations
  9503 | D:8      | Noticed Joseph
  9505 | D:8      | Found Zatremou's Weapon Boutique.
  9520 | D:8      | Killed Joseph
  9520 | D:8      | Reached skill level 13 in Axes
  9520 | D:8      | Reached XP level 10. HP: 74/95 MP: 11/11
 10168 | D:8      | Your ally Geork died
 10279 | D:9      | Found a staircase to the Lair.
 10315 | D:9      | Gained Boderik as an ally
 10344 | D:9      | Noticed a two-headed ogre
 10354 | D:9      | Killed a two-headed ogre
 10354 | D:9      | Reached skill level 14 in Axes
 10603 | D:9      | Reached skill level 1 in Armour
 10837 | D:9      | Reached skill level 5 in Invocations
 11050 | D:9      | Noticed a two-headed ogre
 11067 | D:9      | Killed a two-headed ogre
 11294 | D:10     | Entered Level 10 of the Dungeon
 11494 | D:10     | Gained Boruk as an ally
 11497 | D:10     | Found a flagged portal.
 11532 | Bailey   | Entered a bailey
 11558 | Bailey   | Noticed yogakurto's ghost (novice HOWn)
 11590 | Bailey   | Killed yogakurto's ghost
 11590 | Bailey   | Reached skill level 5 in Evocations
 11616 | Bailey   | Noticed an orc knight
 11616 | Bailey   | Noticed an orc knight
 11660 | Bailey   | Killed an orc knight
 11686 | Bailey   | Gained Zorug as an ally
 11947 | Bailey   | Reached XP level 11. HP: 101/101 MP: 16/16
 12322 | D:10     | Noticed a deep elf mage
 12328 | D:10     | Killed a deep elf mage
 12328 | D:10     | Reached ****** piety under Beogh
 12735 | Lair:1   | Entered Level 1 of the Lair of Beasts
 12794 | Lair:1   | Reached skill level 5 in Armour
 12824 | Lair:1   | Noticed a four-headed hydra
 12833 | Lair:1   | Your ally Boderik died
 12847 | Lair:1   | Your ally Zorug died
 12851 | Lair:1   | Your ally Boruk died
 12862 | Lair:1   | Your ally Bogbarth died
 12878 | Lair:1   | Killed an eight-headed hydra
 13948 | D:7      | Bought the +1 helmet of Cloud Cover {Dex+4} for 298 gold pieces
 14404 | Lair:2   | Gained Marbork as an ally
 14540 | Lair:2   | Reached XP level 12. HP: 108/108 MP: 18/18
 14793 | Lair:3   | Noticed a catoblepas
 14818 | Lair:3   | Killed a catoblepas
 15986 | Lair:3   | Found a staircase to the Swamp.
 16054 | Lair:4   | Noticed a five-headed hydra
 16054 | Lair:4   | Noticed a catoblepas
 16055 | Lair:4   | Noticed a catoblepas
 16056 | Lair:4   | Noticed a death yak
 16059 | Lair:4   | Noticed a death yak
 16063 | Lair:4   | Killed a five-headed hydra
 16063 | Lair:4   | Reached skill level 15 in Axes
 16064 | Lair:4   | Noticed a death yak
 16067 | Lair:4   | Noticed a death yak
 16070 | Lair:4   | Killed a catoblepas
 16079 | Lair:4   | Your ally Marbork died
 16525 | Lair:4   | Noticed a death yak
 16546 | Lair:3   | Killed a death yak
 16689 | Lair:3   | Killed a death yak
 16955 | D:8      | Bought the +3 battleaxe of Duty {elec, rC+} for 452 gold pieces
 17290 | D:11     | Found a labyrinth entrance.
 17302 | Lab      | Entered a labyrinth
 17521 | Lab      | Noticed a minotaur
 17530 | Lab      | Killed a minotaur
 17530 | Lab      | Reached skill level 16 in Axes
 17543 | Lab      | Got a bloodstained scale mail
 17543 | Lab      | Got ichor-stained quicksilver dragon scales
 17579 | Lab      | Identified the +1 scale mail "Cudiont" {+Fly rF+ Int-3 SInv} (You found it in a labyrinth)
 17589 | Lab      | Identified the quicksilver dragon scales of the Gardener {-Cast MR+ Int+6 Slay+2} (You found it in a labyrinth)
 17621 | Lab      | Got a shimmering short sword
 17622 | Lab      | Identified the +2 short sword of Sloth {drain, rPois Stlth+} (You found it in a labyrinth)
 17692 | Lab      | Learned a level 1 spell: Flame Tongue
 17807 | D:11     | Noticed a two-headed ogre
 17820 | D:11     | Killed a two-headed ogre
 17955 | D:11     | Reached XP level 13. HP: 118/122 MP: 19/19
 18031 | D:11     | Reached skill level 1 in Maces & Flails
 18344 | Lair:4   | Gained Morbeogh as an ally
 18863 | Lair:4   | Found a hole to the Spider Nest.
 18949 | Lair:5   | Reached skill level 17 in Axes
 19064 | Lair:5   | Gained Gorg as an ally
 19519 | Lair:5   | Noticed a fire dragon
 19530 | Lair:5   | Killed a fire dragon
 19815 | Lair:6   | Entered Level 6 of the Lair of Beasts
 19828 | Lair:6   | Noticed Destroyer2's ghost (journeyman MiBe)
 19838 | Lair:6   | Killed Destroyer2's ghost
 19838 | Lair:6   | Reached skill level 18 in Axes
 20014 | Lair:6   | Noticed an ice dragon
 20024 | Lair:6   | Killed an ice dragon
 20278 | Lair:6   | Reached XP level 14. HP: 136/136 MP: 20/20
 20361 | Lair:6   | Reached skill level 15 in Fighting
 20386 | Lair:6   | Found a staircase to the Slime Pits.
 20824 | Lair:6   | Reached skill level 19 in Axes
 20876 | Lair:6   | Noticed a dire elephant
 20891 | Lair:6   | Killed a dire elephant
 21234 | D:11     | Learned a level 3 spell: Conjure Flame
 21239 | D:11     | Learned a level 4 spell: Sticky Flame
 21245 | D:11     | Learned a level 5 spell: Fireball
 21349 | D:12     | Got an ancient scale mail
 21497 | D:12     | Identified the cursed +1 scale mail of Past Mistakes {-Tele Str+3 Dex+4} (You found it on level 12 of the Dungeon)
 21508 | D:12     | Gained mutation: You have a pair of small horns on your head. [mutagenic meat]
 21509 | D:12     | Lost mutation: You are partially covered in rugged brown scales. (AC +1, +3% HP) [potion of mutation]
 21509 | D:12     | Lost mutation: You are surrounded by a mild repulsion field. (EV +2) [potion of mutation]
 21509 | D:12     | Lost mutation: You have a pair of small horns on your head. [potion of mutation]
 21509 | D:12     | Lost mutation: You are partially covered in molten scales. (AC +2) [potion of mutation]
 21509 | D:12     | Lost mutation: Potions are less effective at restoring your health. [potion of mutation]
 21509 | D:12     | Gained mutation: Your mind is acute. (Int +2) [potion of mutation]
 21509 | D:12     | Gained mutation: You are surrounded by a mild repulsion field. (EV +2) [potion of mutation]
 21509 | D:12     | Gained mutation: You have a somewhat thin skeletal structure. (Dex +2, Stealth) [potion of mutation]
 21510 | D:12     | Gained mutation: Your magical capacity is low. (-10% MP) [mutagenic meat]
 21511 | D:12     | Lost mutation: Your mind is acute. (Int +2) [mutagenic meat]
 21512 | D:12     | Gained mutation: You possess an exceptional clarity of mind. [mutagenic meat]
 21557 | D:12     | Gained mutation: Your body sometimes deteriorates upon taking damage. [mutagenic meat]
 21558 | D:12     | Lost mutation: Your magical capacity is low. (-10% MP) [potion of mutation]
 21558 | D:12     | Lost mutation: Your body sometimes deteriorates upon taking damage. [potion of mutation]
 21558 | D:12     | Lost mutation: You are surrounded by a mild repulsion field. (EV +2) [potion of mutation]
 21558 | D:12     | Gained mutation: You expend magic power (3 MP) to strengthen your wands. [potion of mutation]
 21558 | D:12     | Gained mutation: You are agile. (Dex +2) [potion of mutation]
 21558 | D:12     | Gained mutation: Your spells are a little harder to cast, but a little more powerful. [potion of mutation]
 21559 | D:12     | Gained mutation: You have a pair of small horns on your head. [mutagenic meat]
 21560 | D:12     | Lost mutation: You have a somewhat thin skeletal structure. (Dex +2, Stealth) [potion of mutation]
 21560 | D:12     | Lost mutation: Your spells are a little harder to cast, but a little more powerful. [potion of mutation]
 21560 | D:12     | Lost mutation: You expend magic power (3 MP) to strengthen your wands. [potion of mutation]
 21560 | D:12     | Lost mutation: You are agile. (Dex +2) [potion of mutation]
 21560 | D:12     | Lost mutation: You possess an exceptional clarity of mind. [potion of mutation]
 21560 | D:12     | Gained mutation: Your mind is acute. (Int +2) [potion of mutation]
 21561 | D:12     | Gained mutation: You have a beak for a mouth. [mutagenic meat]
 21596 | D:12     | Found a staircase to the Orcish Mines.
 21936 | Spider:1 | Entered Level 1 of the Spider Nest
 22080 | Spider:1 | Gained Gorm as an ally
 22289 | Spider:1 | You fall through a shaft!
 22471 | Spider:2 | Reached skill level 20 in Axes
 22771 | Spider:2 | Reached XP level 15. HP: 138/146 MP: 21/21
 23015 | Spider:2 | Noticed an emperor scorpion
 23025 | Spider:2 | Killed an emperor scorpion
 23039 | Spider:2 | Reached skill level 10 in Armour
 23268 | Spider:2 | Noticed an emperor scorpion
 23277 | Spider:2 | Killed an emperor scorpion
 23791 | Spider:3 | Noticed Mara
 23793 | Spider:3 | Noticed Minstaer's illusion
 23805 | Spider:3 | Mangled by Minstaer's illusion

Skill      XL: |  1  2  3  4  5  6  7  8  9 10 11 12 13 14 15 |
---------------+----------------------------------------------+-----
Fighting       | 4 5 6 7 8 10 12 14 16 17 | 17.0
Axes           | 5 6 7 8 10 13 14 16 18 20 | 20.0
Shields        | 1 4 |  4.1
Invocations    | 2 6 8 |  8.0
Evocations     | 2 5 8 9 |  9.6
Armour         | 3 8 9 11 | 11.0
Maces & Flails | 2 |  2.7
Dodging        | |  2.4
Stealth        | |  1.5

Action                   |  1- 3 |  4- 6 |  7- 9 | 10-12 | 13-15 || total
-------------------------+-------+-------+-------+-------+-------++-------
Melee: Hand axe          |   108 |   289 |   634 |   588 |       ||  1619
       Quarterstaff      |       |       |     4 |       |       ||     4
       Whip              |       |       |       |    42 |    52 ||    94
       Battleaxe         |       |       |       |    28 |   516 ||   544
       Headbutt          |       |       |       |       |    54 ||    54
       Peck              |       |       |       |       |    36 ||    36
Throw: Javelin           |       |     8 |    13 |       |       ||    21
Invok: Convert to Beogh  |       |     1 |       |       |       ||     1
       Smiting           |       |       |     2 |     3 |       ||     5
       Recall Orcish Fol |       |       |    12 |     9 |    11 ||    32
       Give Item to Name |       |       |     1 |     4 |     2 ||     7
       Resurrection      |       |       |       |     1 |       ||     1
 Abil: Evoke Invisibilit |       |       |       |     1 |     2 ||     3
Evoke: Wand              |       |     3 |     2 |     7 |     4 ||    16
       Sack of spiders   |       |       |       |       |     1 ||     1
  Use: Scroll            |       |     2 |    13 |    10 |     8 ||    33
       Potion            |       |       |     1 |     5 |     4 ||    10
 Stab: Sleeping          |     6 |     1 |       |       |       ||     7
       Paralysed         |       |     6 |       |       |     3 ||     9
       Distracted        |       |     1 |     5 |     9 |    10 ||    25
       Invisible         |       |       |       |     1 |     2 ||     3
  Eat: Chunk             |     2 |     7 |    17 |     9 |    28 ||    63
       Fruit             |       |     2 |       |       |       ||     2
       Meat ration       |       |       |     1 |     4 |       ||     5
Armor: Robe              |    12 |       |       |       |       ||    12
       Leather armour    |     5 |    29 |       |       |       ||    34
       Ring mail         |       |    50 |    44 |       |       ||    94
       Chain mail        |       |    11 |   200 |    42 |   249 ||   502
       Plate armour      |       |       |       |   225 |   161 ||   386
       Ice dragon scales |       |       |       |    11 |       ||    11
Dodge: Dodged            |    87 |   118 |   178 |   196 |   308 ||   887
Block: Shield            |       |    49 |    94 |       |       ||   143
       Buckler           |       |       |    60 |    95 |    10 ||   165
